 Dungeon Crawl Stone Soup version 0.26.1-11-gd32895ea62 (webtiles) character file.

Game seed: 8967003889926798342

761 AarnesTheHuman the Sneak (level 7, 42/42 HPs)
             Began as an Octopode Earth Elementalist on June 26, 2021.
             Got out of the dungeon alive.
             The game lasted 00:20:46 (5607 turns).

AarnesTheHuman the Sneak (OpEE)                     Turns: 5607, Time: 00:20:47

Health: 42/42      AC:  1    Str:  7    XL:     7   Next: 80%
Magic:  12/12      EV: 15    Int: 19    God:
Gold:   265        SH:  5    Dex: 13    Spells: 9/13 levels left

rFire    . . .     SeeInvis +   a - +2 dagger (elec)
rCold    . . .     Faith    .   (no shield)
rNeg     . . .     Spirit   .   (helmet restricted)
rPois    .         Reflect  +   j - amulet of reflection
rElec    .         Harm     .   i - ring of see invisible
rCorr    .         Rampage  .   (no ring)
Will     .....                  (no ring)
Stlth    ++++......             (no ring)
HPRegen  0.14/turn              (no ring)
MPRegen  0.13/turn              (no ring)
                                (no ring)
                                (no ring)

@: no status effects
A: almost no armour, stealthy swim, amphibious, 8 rings, constrict 8, camouflage
1, gelatinous body 1
a: no special abilities


You escaped.
You visited 1 branch of the dungeon, and saw 5 of its levels.

You collected 265 gold pieces.

Inventory:

Hand Weapons
 a - a +2 dagger of electrocution (weapon)
Missiles
 b - 49 stones
Jewellery
 c - a cursed amulet of inaccuracy {unknown}
 i - a ring of see invisible (left tentacle)
 j - an amulet of reflection (around mantle)
Wands
 n - a wand of flame (15)
Scrolls
 d - 3 scrolls of remove curse
 f - a scroll of magic mapping
 g - a scroll of blinking
 h - 5 scrolls of amnesia
Potions
 e - 2 potions of might
 k - a potion of ambrosia
 l - 3 potions of curing
 m - a potion of attraction
 o - a potion of mutation
 p - a potion of haste


   Skills:
 - Level 0.4 Fighting
 + Level 4.2 Dodging
 + Level 5.8 Stealth
 + Level 3.8 Spellcasting
 + Level 0.3 Conjurations
 - Level 3.6 Transmutations
 + Level 4.7 Earth Magic


You had 9 spell levels left.
You knew the following spells:

 Your Spells              Type           Power        Failure   Level
a - Sandblast             Erth           42%          1%          1
b - Stone Arrow           Conj/Erth      26%          16%         3

Your spell library contained the following spells:

 Spells                   Type           Power        Failure   Level
 Passwall                 Tmut/Erth      15%          3%          2
 Magic Dart               Conj           16%          12%         1
 Searing Ray              Conj           8%           19%         2
 Petrify                  Tmut/Erth      19%          26%         4
 Dazzling Flash           Conj/Hex       8%           36%         3
 Lee's Rapid Deconstruct  Erth           10%          50%         5
 Fulminant Prism          Conj/Hex       2%           78%         4
 Iskenderun's Mystic Bla  Conj/Tloc      4%           78%         4


Dungeon Overview and Level Annotations

Branches:
Dungeon (5/15)
 Temple: D:4-7

Altars:
Gozag
Makhleb
Okawaru
Sif Muna
Vehumet
Xom

Shops:
D:4 !:*


Innate Abilities, Weirdness & Mutations

You cannot wear most types of armour.
You are very stealthy in the water. (Stealth+)
You are amphibious.
You can wear up to eight rings at the same time.
You can use your tentacles to constrict eight enemies at once.
Your skin changes colour to match your surroundings (Stealth+).
Your rubbery body absorbs attacks. (AC +1, EV +1)


Message History

You see here 5 boomerangs.
There is a stone staircase leading up here.
You climb upwards.
There is a stone staircase leading down here.
Magic restored.
Things that are here:
a +0 whip; an orc skeleton
There is an escape hatch in the ceiling here.
A mysterious force pulls you upwards. The hatch slams shut behind you.
There is a stone staircase leading up here.
You climb upwards.
There is a stone staircase leading down here.
You see here a +0 club.
You see here a +0 club.
There is a staircase leading out of the dungeon here.
Are you sure you want to leave the Dungeon?
This will make you lose the game! [Y]es or [N]o only, please.
Are you sure you want to leave the Dungeon?
This will make you lose the game!
HP restored.
You have escaped!

...# #...##..#.≈≈≈.##..##....#
...# ##...#.≈...≈≈≈.#..##'##.#
...# #.≈..≈≈≈≈..≈≈≈##.....#.#
...# #....≈≈≈≈......#........
(..########..≈≈≈≈≈≈....##.....#..
........###..≈≈≈≈≈≈...###........
#######..##.≈≈≈≈.≈≈≈..#)#.#...#..
# #...#.≈≈≈≈.≈≈...#.#........ #
##.##≈≈≈..@≈.≈≈≈..#........ #
####.≈.≈≈..≈≈≈.###........ #
#..≈≈≈≈≈≈≈≈.# #......#. #
##≈≈≈≈≈≈≈≈..###.##.###. #
###≈.≈≈≈≈.≈...##........ #
#....≈≈≈≈≈.#)###.##..... #
##...≈≈≈.≈≈.##.##.###.... ##
#..#...≈..≈...###.# #.... .#
##..#...#......##)# #....


There were no monsters in sight!

Vanquished Creatures
  Eustachio (D:4)
  2 howler monkeys (D:3)
  A crimson imp (D:3)
  2 hounds (D:4)
  An orc priest (D:4)
  2 bullfrog skeletons (D:4)
  2 worker ants
  2 orc wizards
  3 gnolls (D:5)
  8 adders
  A shadow imp (D:5)
  2 worms
  3 dart slugs
  6 leopard geckos
  11 orcs
  4 ball pythons
  7 giant cockroaches
  9 goblins
  6 hobgoblins
  7 jackals
  2 quokkas
  12 bats
  5 frilled lizards (D:3)
  A jackal skeleton (D:4)
  A jackal zombie (D:5)
  13 kobolds
  A quokka skeleton (D:4)
  9 rats
124 creatures vanquished.

Vanquished Creatures (others)
  3 plants (D:1)
3 creatures vanquished.

Grand Total: 127 creatures vanquished

Notes
Turn   | Place    | Note
-------+----------+-------------------------------------------
     0 | D:1      | AarnesTheHuman the Octopode Earth Elementalist began the
                  | quest for the Orb.
     0 | D:1      | Reached XP level 1. HP: 11/11 MP: 3/3
    82 | D:1      | Reached XP level 2. HP: 18/18 MP: 1/5
   548 | D:1      | Reached skill level 3 in Stealth
   548 | D:1      | Reached XP level 3. HP: 22/22 MP: 6/6
  1183 | D:1      | Learned a level 3 spell: Stone Arrow
  1281 | D:1      | Reached XP level 4. HP: 13/27 MP: 4/7
  2183 | D:2      | Reached XP level 5. HP: 32/32 MP: 9/9
  2271 | D:3      | Found a burning altar of Makhleb.
  2271 | D:3      | Found a shimmering altar of Xom.
  2324 | D:3      | Found a shimmering blue altar of Sif Muna.
  2764 | D:3      | Reached skill level 4 in Stealth
  2975 | D:3      | Reached XP level 6. HP: 37/37 MP: 10/10
  3810 | D:3      | Found an iron altar of Okawaru.
  3810 | D:3      | Found a radiant altar of Vehumet.
  3972 | D:4      | Found Guikuf's Book Shop.
  4011 | D:4      | Noticed Eustachio
  4021 | D:4      | Killed Eustachio
  4022 | D:4      | Reached skill level 5 in Stealth
  4022 | D:4      | Reached XP level 7. HP: 34/42 MP: 10/12
  4233 | D:4      | Found Emostry's Distillery.
  4887 | D:4      | Found Zuketaul's Assorted Antiques.
  4953 | D:5      | Entered Level 5 of the Dungeon
  4953 | D:5      | Found an opulent altar of Gozag.
  5607 | D:$      | Got out of the dungeon alive.

Illustrated notes

Levels and vault maps discovered:
D:1:      dpeg_arrival_subterranean_lakeside_camping, layout_basic,
          amethyst_killhole, serial_bayou_pond_b, hangedman_decor_growths
D:2:      minmay_chambers_of_ones, layout_rooms, serial_glass, glass_columns_b,
          glass_columns_c
D:3:      layout_basic, grunt_temple_overflow_champion_of_chaos,
          overflow_temple_1_default, gammafunk_temple_overflow_statue
D:4:      layout_cave_pools, serial_shops,
          nicolae_shop_competitors_out_of_business, nicolae_shop_stone,
          kennysheep_mini, minmay_statues_item, uniq_eustachio
D:5:      layout_layer_cave, lemuel_doored_altar, ashenzari_conservatory_becter,
          lemuel_coloured_pillars_altar, nicolae_gozag_seed_capital

Skill      XL: |  1  2  3  4  5  6  7 |
---------------+----------------------+-----
Stealth        | 3 4 5 |  5.8
Transmutations | 2 3 |  3.6
Dodging        | 3 4 |  4.2
Spellcasting   | 3 |  3.8
Earth Magic    | 4 |  4.7
Fighting       | |  0.4
Conjurations   | |  0.3

Action                   |  1- 3 |  4- 6 |  7- 9 || total
-------------------------+-------+-------+-------++-------
Melee: Dagger            |    39 |    98 |    30 ||   167
       Constrict         |     6 |    24 |     6 ||    36
       Tentacles         |     2 |    13 |     4 ||    19
 Cast: Sandblast         |    23 |    29 |    27 ||    79
  Use: Scroll            |       |    12 |     2 ||    14
 Stab: Sleeping          |    14 |     8 |     5 ||    27
Armor: Skin              |     9 |    12 |       ||    21
Dodge: Dodged            |    44 |    71 |    22 ||   137
Block: Other             |       |       |     6 ||     6
